 Dungeon Crawl Stone Soup version 0.26-a0-252-gb32a1a6195 (webtiles) character file.

Game seed: 10617467324833125072

317 BritishOli the Ducker (level 6, -3/47 HPs)
             Began as a Demonspawn Gladiator on July 9, 2020.
             Was an Initiate of Okawaru.
             Slain by a worker ant (4 damage)
             ... on level 4 of the Dungeon.
             The game lasted 00:03:26 (4133 turns).

BritishOli the Ducker (Demonspawn Gladiator)        Turns: 4133, Time: 00:03:26

Health: -3/47      AC:  5    Str: 16    XL:     6   Next: 20%
Magic:  0/6        EV: 14    Int:  9    God:    Okawaru [......]
Gold:   290        SH:  0    Dex: 17    Spells: 5/5 levels left

rFire    + . .     SeeInvis .   a - +0 long sword
rCold    + . .     Faith    .   (no shield)
rNeg     . . .     Spirit   +   b - +0 leather armour
rPois    .         Reflect  .   c - +0 helmet
rElec    .         Harm     .   t - scarf {rC+ rF+}
rCorr    .                      (no gloves)
MR       .....                  u - +0 pair of boots
Stlth    ++........             j - amulet of guardian spirit
HPRegen  0.15/turn              (no ring)
MPRegen  0.10/turn              (no ring)

@: no status effects
A: talons 1, thin skeletal structure 1, powered by death 1
a: Renounce Religion


You were on level 4 of the Dungeon.
You worshipped Okawaru.
Okawaru was noncommittal.
You were not hungry.

You visited 2 branches of the dungeon, and saw 7 of its levels.

You collected 290 gold pieces.

Inventory:

Hand Weapons
 a - a +0 long sword (weapon)
Missiles
 d - 3 throwing nets (quivered)
Armour
 b - a +0 leather armour (worn)
 c - a +0 helmet (worn)
 t - a scarf of resistance (worn)
 u - a +0 pair of boots (worn)
Jewellery
 j - an amulet of guardian spirit (around neck)
Scrolls
 h - 2 scrolls of teleportation
 l - a scroll of enchant weapon {unknown}
 n - 2 scrolls of remove curse
 p - a scroll of enchant armour {unknown}
 q - a scroll of fear {unknown}
 r - a scroll of magic mapping {unknown}
 s - 5 scrolls of identify
Potions
 e - a potion of might {unknown}
 g - a potion of berserk rage {unknown}
 i - 3 potions of lignification
 k - 2 potions of flight
 m - a potion of haste {unknown}
 o - a potion of curing
 v - 2 potions of invisibility {unknown}
Comestibles
 f - 7 rations


   Skills:
 + Level 3.6 Fighting
 + Level 3.9 Long Blades
 - Level 2.1 Throwing
 + Level 2.5 Armour
 + Level 3.9 Dodging


You had 5 spell levels left.
You didn't know any spells.
Your spell library was empty.

Dungeon Overview and Level Annotations

Branches:
Dungeon (6/15)             Temple (1/1) D:5

Altars:
Ashenzari
Cheibriados
Dithmenos
Elyvilon
Fedhas
Gozag
Hepliaklqana
Kikubaaqudgha
Makhleb
Nemelex Xobeh
Okawaru
Qazlal
Ru
Sif Muna
Trog
Uskayaw
Vehumet
Wu Jian
Xom
Yredelemnul
Zin
The Shining One


Innate Abilities, Weirdness & Mutations

You have sharp toenails.
You have a somewhat thin skeletal structure. (Dex +2, Stealth)
You regenerate a little health from kills.


Message History

Things that are here:
a +0 flail; an orc corpse You slash the orc!
You kill the orc!
Okawaru accepts your kill.
A worker ant comes into view.
The gnoll hits you.
* * * LOW HITPOINT WARNING * * *
Things that are here:
a +0 flail; an orc corpse You hit the gnoll but do no damage.
The gnoll misses you.
You slash the gnoll!
The gnoll is severely wounded.
The gnoll closely misses you. The gnoll hits you!
* * * LOW HITPOINT WARNING * * *
You hit the gnoll.
The gnoll is almost dead.
The worker ant closely misses you. The gnoll closely misses you.
The worker ant bites you.
You die...

#.. .. .. #.(
..... ## #...
#.#.#.#.###
#..............#
...#.#.#.#.#.#
#...........
#.#.#.#.#.#..
#....ag......
###.#@#.#.#...
#...>).......
##.#.#.#.#...
..#......
#.##........ #.
........... #
.#..........
..#####...... ..
...>..


You could see a worker ant and a gnoll.

Vanquished Creatures
  A scorpion (D:6)
  An orc wizard (D:5)
  A jelly (D:6)
  An orc priest (D:4)
  A bullfrog skeleton (D:6)
  A hound (D:5)
  3 adders
  An ufetubus (D:5)
  An ooze (D:2)
  An adder zombie (D:6)
  2 dart slugs
  3 leopard geckos
  10 orcs
  A ball python (D:2)
  2 giant cockroaches
  7 hobgoblins
  2 jackals (D:3)
  3 kobolds
  4 quokkas
  8 bats
  2 frilled lizards
  7 goblins
  10 rats
73 creatures vanquished.

Notes
Turn   | Place    | Note
-------+----------+-------------------------------------------
     0 | D:1      | BritishOli the Demonspawn Gladiator began the quest for the
                  | Orb.
     0 | D:1      | Reached XP level 1. HP: 16/16 MP: 1/1
   273 | D:1      | Gained mutation: You regenerate a little health from kills.
                  | [demonic ancestry]
   273 | D:1      | Reached XP level 2. HP: 22/22 MP: 2/2
  1012 | D:2      | Reached skill level 1 in Armour
  1012 | D:2      | Gained mutation: You have sharp toenails. [demonic
                  | ancestry]
  1012 | D:2      | Reached XP level 3. HP: 24/28 MP: 3/3
  1776 | D:3      | Gained mutation: You have a somewhat thin skeletal
                  | structure. (Dex +2, Stealth) [demonic ancestry]
  1776 | D:3      | Reached XP level 4. HP: 30/34 MP: 4/4
  2336 | D:3      | Found an ancient bone altar of Kikubaaqudgha.
  2588 | D:4      | You fall into a shaft and drop 2 floors!
  2588 | D:6      | Found a shadowy altar of Dithmenos.
  2598 | D:6      | Reached XP level 5. HP: 27/41 MP: 5/5
  3161 | D:5      | Entered Level 5 of the Dungeon
  3244 | D:5      | Found a staircase to the Ecumenical Temple.
  3277 | Temple   | Entered the Ecumenical Temple
  3614 | Temple   | Became a worshipper of Warmaster Okawaru
  3809 | D:5      | Reached XP level 6. HP: 10/47 MP: 2/6
  4132 | D:4      | HP: 1/47 [gnoll (6)]
  4133 | D:4      | Slain by a worker ant

Illustrated notes

Levels and vault maps discovered:
D:1:      evilmike_arrival_grusome_pit, layout_basic, minmay_hexomino_u4
D:2:      layout_basic, first_ration
D:3:      layout_rooms, lemuel_crystal_altar
D:4:      layout_cave_pods, serial_co_window_serial, co_window_corner_a,
          co_window_of_opportunity_a, co_window_paths_a, co_window_paths_a,
          co_window_cross_1, co_window_broadway_b, co_window_paths_c,
          co_window_paths_c, co_window_corner_cb, co_window_corner_b,
          co_window_sun, glass_columns_a, glass_columns_b, st_stairs_9,
          lemuel_statue_altar
D:5:      layout_loops_ring, minmay_temple_entry_statues_fountains
D:6:      layout_basic, biasface_ghost_orc_armoury, basic_altar, st_stairs_3
Temple:   kilobyte_greek_temple

Skill      XL: |  1  2  3  4  5 |
---------------+----------------+-----
Throwing       | 2 |  2.1
Armour         | 1 2 |  2.5
Dodging        | 3 |  3.9
Long Blades    | 3 |  3.9
Fighting       | 3 |  3.6

Action                   |  1- 3 |  4- 6 || total
-------------------------+-------+-------++-------
Melee: Long sword        |   102 |   108 ||   210
       Kick              |    14 |    16 ||    30
  Use: Scroll            |       |     4 ||     4
       Potion            |       |     1 ||     1
 Stab: Sleeping          |     2 |     2 ||     4
  Eat: Ration            |     1 |     2 ||     3
Armor: Leather armour    |    40 |    27 ||    67
Dodge: Dodged            |    76 |    71 ||   147
       Rpst.: Long sword |    28 |    26 ||    54

Table legend:
 A = Non-vault XP
 B = Vault XP
 C = Vault XP percentage of total XP
 D = Non-vault monster count
 E = Vault monster count
 F = Vault count percentage of total count
                 A         B        C        D         E       F
            +---------+---------+-------+---------+---------+-------
      Total |     403 |      51 |  11.2 |      66 |       7 |   9.6
            +---------+---------+-------+---------+---------+-------
        D:1 |      28 |       8 |  22.2 |      16 |       5 |  23.8
        D:2 |      45 |       0 |   0.0 |      17 |       0 |   0.0
        D:3 |      59 |       0 |   0.0 |      21 |       0 |   0.0
        D:4 |      44 |       3 |   6.4 |       2 |       1 |  33.3
        D:5 |     100 |       0 |   0.0 |       6 |       0 |   0.0
        D:6 |     127 |      40 |  24.0 |       4 |       1 |  20.0
            +---------+---------+-------+---------+---------+-------
